 Dungeon Crawl Stone Soup version 0.22-a0-348-gd16d139 (webtiles) character file.

15 mortelune the Chiller (level 2, 0/19 HPs)
             Began as a Demonspawn Ice Elementalist on Apr 7, 2018.
             Slain by a jackal (3 damage)
             ... on level 1 of the Dungeon.
             The game lasted 00:02:14 (568 turns).

mortelune the Chiller (Demonspawn Ice Elementalist)  Turns: 568, Time: 00:02:15

Health: 0/19       AC:  2    Str:  8    XL:     2   Next: 34%
Magic:  0/5        EV: 12    Int: 16    God:
Gold:   10         SH:  0    Dex: 13    Spells: 2/5 levels left

rFire    . . .     SeeInvis .   e - +0 club
rCold    . . .     Gourm    .   (no shield)
rNeg     . . .     Faith    .   a - +0 robe
rPois    .         Spirit   .   (helmet restricted)
rElec    .         Reflect  .   (no cloak)
rCorr    .         Harm     .   (no gloves)
MR       .....                  (no boots)
Stlth    ++........             (no amulet)
HPRegen  0.06/turn              (no ring)
MPRegen  0.09/turn              (no ring)

@: very slightly contaminated
A: horns 1
a: no special abilities


You were on level 1 of the Dungeon.
You were not hungry.

You visited 1 branch of the dungeon, and saw 1 of its levels.

You collected 10 gold pieces.

Inventory:

Hand Weapons
 e - a +0 club (weapon)
Armour
 a - a +0 robe (worn)
Potions
 b - 2 potions of might {unknown}
Comestibles
 c - a ration
 d - a chunk of flesh


   Skills:
 + Level 2.1 Dodging
 - Level 1.7 Stealth
 + Level 2.3 Spellcasting
 - Level 1.0 Conjurations
 + Level 2.9 Ice Magic


You had 2 spell levels left.
You knew the following spells:

 Your Spells              Type           Power        Failure   Level  Hunger
a - Freeze                Ice            ##..         6%          1    #......
b - Throw Frost           Conj/Ice       #.....       13%         2    ###....


Dungeon Overview and Level Annotations

Branches:
Dungeon (1/15)

Altars:


Innate Abilities, Weirdness & Mutations

You have a pair of small horns on your head.


Message History

Nothing appears to happen.
The jackal misses you. The jackal bites you.
A goblin comes into view. It is wielding a club.
The jackal bites you.
The goblin shouts!
Found 29 sling bullets.
The jackal bites you.
* * * LOW HITPOINT WARNING * * *
The jackal bites you.
* * * LOW HITPOINT WARNING * * *
Casting: Freeze (safe; 6% risk of failure)
Confirm with . or Enter, or press ? or * to list all spells.
Aiming: Freeze (safe; 6% risk of failure)
Press: ? - help, Shift-Dir - straight line, f/p - jackal
Aim: a jackal You freeze the jackal.
The jackal is moderately wounded.
The jackal misses you. The jackal bites you.
You die...

........#............#
##......#.######.....###.#
.....................(....
.....#..#'#...##....######
.......##.##..###g#.#....#
.......##.##..# #.#.#....#
..####.#...# .# #.#.#h...#
### #.#...#..###h#.#hhK.##.
# ###...##...@.#.#.......
####..8..#####.†(#.......
####...........###..........
.+.....8.<.8.....'(##.......
.###...........##### .......
.# ####..8..#### ....###
.#######...## ....#
.......#..[# ....#
.......#...# ....#


You could see a jackal and a goblin.

Vanquished Creatures
  A giant cockroach (D:1)
  2 hobgoblins (D:1)
  3 jackals (D:1)
  3 kobolds (D:1)
  2 bats (D:1)
  2 rats (D:1)
13 creatures vanquished.

Notes
Turn   | Place    | Note
-------+----------+-------------------------------------------
     0 | D:1      | mortelune the Demonspawn Ice Elementalist began the quest for the Orb.
     0 | D:1      | Reached XP level 1. HP: 13/13 MP: 3/3
   330 | D:1      | Gained mutation: You have a pair of small horns on your head. [demonic ancestry]
   330 | D:1      | Reached XP level 2. HP: 19/19 MP: 1/5
   334 | D:1      | Learned a level 2 spell: Throw Frost
   568 | D:1      | Slain by a jackal

Vault maps used:
D:1:      evilmike_arrival_plus

Skill      XL: |  1 |
---------------+----+-----
Dodging        | 2 |  2.1
Stealth        | |  1.7
Spellcasting   | |  2.3
Conjurations   | |  1.0
Ice Magic      | |  2.9

Action                   || total
-------------------------++-------
Melee: Club              ||     9
       Headbutt          ||     1
 Cast: Freeze            ||    18
       Throw Frost       ||     1
Dodge: Dodged            ||    24

Table legend:
 A = Spawn XP
 B = Non-spawn XP
 C = Spawn XP percentage of total XP
 D = Spawn monster count
 E = Non-spawn monster count
 F = Spawn count percentage of total count
 G = Total turns spent on level
                    A         B        C        D         E        F      G
               +---------+---------+-------+---------+---------+-------+---------
         Total |       0 |      22 |   0.0 |       0 |      13 |   0.0 |   568
               +---------+---------+-------+---------+---------+-------+---------
           D:1 |       0 |      22 |   0.0 |       0 |      13 |   0.0 |   568
               +---------+---------+-------+---------+---------+-------+---------
